 Dungeon Crawl Stone Soup version 0.24-a0-507-g3e8b2426 (webtiles) character file.

Game seed: 14855070043578197833

3978 sighowe the Cleaver (level 10, -4/91 HPs)
             Began as a Deep Dwarf Fighter on July 19, 2019.
             Was a Believer of Qazlal.
             Slain by an 11-headed hydra (11 damage)
             ... on level 8 of the Dungeon.
             The game lasted 00:36:37 (6219 turns).

sighowe the Cleaver (Deep Dwarf Fighter)            Turns: 6219, Time: 00:36:38

Health: -4/91      AC:  6    Str: 24    XL:     10   Next: 2%
Magic:  5/9        EV: 15    Int: 13    God:    Qazlal [**....]
Gold:   384        SH: 14    Dex: 15    Spells: 8/9 levels left

rFire    . . .     SeeInvis .   j - +1 war axe of the Lonely Dreams {vamp, rElec rC+ Stlth+}
rCold    + . .     Gourm    .   c - +0 shield
rNeg     . . .     Faith    .   y - +1 leather armour of Circular Logic {Dex+3}
rPois    +         Spirit   .   (helmet restricted)
rElec    +         Reflect  .   (no cloak)
rCorr    .         Harm     .   x - +0 pair of gloves
MR       +....                  (no boots)
Stlth    ++........             (no amulet)
HPRegen  0.00/turn              s - +2 ring of evasion
MPRegen  0.11/turn              E - +5 ring of intelligence

@: non-regenerating, lightly drained
A: damage resistance, heal wounds, antennae 1, sense surroundings 2, poison
resistance, no regeneration
a: Heal Wounds, Upheaval, Renounce Religion


You were on level 8 of the Dungeon.
You worshipped Qazlal.
Qazlal was pleased with you.
You were not hungry.

You visited 1 branch of the dungeon, and saw 8 of its levels.
You also visited: Sewer.

You collected 384 gold pieces.

Inventory:

Hand Weapons
 a - a +0 war axe
 h - a +2 vampiric war axe
 j - the +1 war axe of the Lonely Dreams (weapon) {vamp, rElec rC+ Stlth+}
   (You found it on level 4 of the Dungeon)

   It inflicts no extra harm, but heals its wielder when it wounds a living foe.
   It protects you from cold.
   It insulates you from electricity.
   It makes you more stealthy.
 v - the +1 falchion of Peity Vikui {venom, rElec rN+ Str+6}
   (You found it on level 4 of the Dungeon)

   It poisons the flesh of those it strikes.
   It affects your strength (+6).
   It insulates you from electricity.
   It protects you from negative energy.
Missiles
 o - 14 poisoned darts
 q - a throwing net (quivered)
Armour
 c - a +0 shield (worn)
 x - a +0 pair of gloves (worn)
 y - the +1 leather armour of Circular Logic (worn) {Dex+3}
   (You found it on level 6 of the Dungeon)

   It affects your dexterity (+3).
Jewellery
 s - a +2 ring of evasion (left hand)
 w - an uncursed amulet of magic regeneration
 E - a +5 ring of intelligence (right hand)
Wands
 k - a wand of flame (32)
 l - a wand of polymorph (3)
 C - a wand of disintegration (14)
Scrolls
 e - 9 scrolls of identify
 g - 3 scrolls of amnesia
 i - 2 scrolls of immolation
 p - 3 scrolls of remove curse
 t - a scroll of teleportation
Potions
 b - a potion of invisibility {unknown}
 d - 2 potions of might
 m - a potion of curing
 n - a potion of brilliance
 r - a potion of flight
 u - 3 potions of haste
 z - a potion of resistance
 A - a potion of heal wounds {unknown}
 B - a potion of magic {unknown}
Comestibles
 f - 15 rations


   Skills:
 + Level 6.0(5.8) Fighting
 + Level 1.0(0.8) Long Blades
 + Level 10.1(9.9) Axes
 + Level 6.9(6.7) Armour
 + Level 4.7(4.5) Dodging
 + Level 2.2(2.0) Stealth
 + Level 7.2(7.0) Shields
 * Level 1.0(0.8) Earth Magic


You had 8 spell levels left.
You knew the following spells:

 Your Spells              Type           Power        Failure   Level  Hunger
a - Sandblast             Erth           #.....       56%         1    ##.....

Your spell library contained the following spells:

 Spells                   Type           Power        Failure   Level  Hunger
 Passwall                 Tmut/Erth      #.......     77%         2    ###....
 Stone Arrow              Conj/Erth      #.....       94%         3    ####...
 Petrify                  Tmut/Erth      #.......     100%        4    #####..
 Lee's Rapid Deconstruct  Erth           #.........   100%        5    ######.


Dungeon Overview and Level Annotations

Branches:
Dungeon (8/15)             Temple (0/1) D:5
   Lair: D:8-11

Altars:
Cheibriados
Kikubaaqudgha
Nemelex Xobeh
Okawaru
Qazlal
Ru
Trog
Uskayaw
Yredelemnul

Annotations:
D:4 2 runed translucent doors, indyram44's ghost, novice GrGl
D:6 1 runed translucent door


Innate Abilities, Weirdness & Mutations

You are resistant to damage.
You can heal yourself by infusing magical energy.
You passively map the area around you.
You do not regenerate.
You have a pair of small antennae on your head.
Your system is resistant to poisons. (rPois)


Message History

* * * LOW HITPOINT WARNING * * *
The 11-headed hydra closely misses you.
The 11-headed hydra completely misses you.
The 11-headed hydra barely misses you.
The 11-headed hydra bites you but does no damage.
You feel much better.
You block the 11-headed hydra's attack. x2
The 11-headed hydra bites you!
* * * LOW HITPOINT WARNING * * *
You block the 11-headed hydra's attack.
The 11-headed hydra bites you but does no damage.
The 11-headed hydra bites you.
* * * LOW HITPOINT WARNING * * *
The 11-headed hydra closely misses you. The 11-headed hydra misses you.
The 11-headed hydra bites you but does no damage.
The 11-headed hydra misses you. The 11-headed hydra barely misses you.
The 11-headed hydra closely misses you.
You block the 11-headed hydra's attack. x2
The 11-headed hydra bites you!
* * * LOW HITPOINT WARNING * * *
You block the 11-headed hydra's attack. The 11-headed hydra bites you!
You die...

###............... *
#######....##########...
,........##.## #... * *
. ##########..# #... * *
..# * ##.# ##.# * * ..(
* #.# ##.# ≈ .. #.##
####..# ≈ , #.#######..#
#...... ≈ # #...)@Do##<#
#.####. ≈ ..##[####Z.(.#
#, #. , ≈
,,≈....#####.### * #. ≈
≈≈≈≈..!...##(###### *#.
≈≈≈≈≈P≈≈....(........,
.. ≈
≈≈≈≈≈;≈≈;..≈....≈.≈. ,
≈. ≈≈≈≈≈≈≈≈oP(.≈≈≈≈≈≈P≈
, ##
,≈≈≈≈≈≈≈≈≈≈≈≈≈≈≈≈≈≈≈≈≈≈≈
≈ ≈ ,, , ,
≈≈≈S≈≈≈≈≈≈≈≈≈≈≈≈≈≈ ≈


You could see a 11-headed hydra, an orc priest and a bullfrog skeleton.

Vanquished Creatures
  A hippogriff (D:7)
  Sigmund (D:4)
  A spriggan (D:7)
  Edmund (D:4)
  A soldier ant (D:6)
  An orc warrior (D:8)
  A sky beast (D:7)
  5 ogres
  A black bear (D:7)
  A phantom (D:5)
  4 centaurs
  4 bullfrogs
  Blork the orc (D:4)
  A scorpion (D:4)
  A killer bee (D:6)
  3 howler monkeys
  6 crimson imps
  A bullfrog zombie (D:7)
  2 hounds
  4 jellies
  4 orc priests
  4 bullfrog skeletons
  4 orc wizards
  Jessica (D:2)
  4 iguanas
  15 worker ants
  Natasha (thrice) (D:2)
  2 hound zombies
  A worker ant zombie (D:6)
  A howler monkey skeleton (D:4)
  A river rat (D:3)
  12 adders
  7 oozes (Sewer)
  2 adder skeletons
  2 worms
  A dart slug (D:1)
  16 leopard geckos
  16 orcs
  13 ball pythons
  13 giant cockroaches
  7 hobgoblins
  4 jackals (D:3)
  8 kobolds
  3 quokkas
  11 bats
  14 frilled lizards
  7 goblins
  2 jackal skeletons
  A quokka zombie (D:6)
  13 rats
233 creatures vanquished.

Notes
Turn   | Place    | Note
-------+----------+-------------------------------------------
     0 | D:1      | sighowe the Deep Dwarf Fighter began the quest for the Orb.
     0 | D:1      | Reached XP level 1. HP: 20/20 MP: 1/1
   168 | D:1      | Reached XP level 2. HP: 14/27 MP: 2/2
   621 | D:2      | Reached XP level 3. HP: 25/34 MP: 2/2
   820 | D:2      | Noticed Natasha
   825 | D:2      | Killed Natasha
   825 | D:2      | Reached skill level 1 in Dodging
   825 | D:2      | Reached XP level 4. HP: 38/42 MP: 3/3
   907 | D:2      | Noticed Natasha
   908 | D:2      | Noticed Jessica
   914 | D:2      | Reached skill level 3 in Axes
   919 | D:2      | Killed Natasha
   922 | D:2      | Killed Jessica
  1074 | D:2      | Noticed Natasha
  1085 | D:2      | Killed Natasha
  1085 | D:2      | Reached XP level 5. HP: 48/49 MP: 4/4
  1141 | D:3      | Found an iron altar of Okawaru.
  1182 | D:3      | Found a snail-covered altar of Cheibriados.
  1184 | D:3      | Found an ancient bone altar of Kikubaaqudgha.
  1237 | D:3      | Reached skill level 4 in Axes
  1465 | D:3      | Reached XP level 6. HP: 56/56 MP: 5/5
  1516 | D:3      | Found a glowing drain.
  1526 | Sewer    | Entered a sewer
  1806 | Sewer    | Reached skill level 5 in Axes
  1809 | Sewer    | Reached XP level 7. HP: 62/62 MP: 6/6
  2187 | D:4      | Found a large runed translucent door.
  2187 | D:4      | Found a large runed translucent door.
  2192 | D:4      | Noticed indyram44's ghost (novice GrGl)
  2210 | D:4      | Reached skill level 1 in Stealth
  2218 | D:4      | Reached skill level 6 in Axes
  2224 | D:4      | Reached skill level 5 in Shields
  2248 | D:4      | Noticed Sigmund
  2258 | D:4      | Killed Sigmund
  2350 | D:4      | Reached XP level 8. HP: 69/72 MP: 7/7
  2395 | D:4      | Reached skill level 7 in Axes
  2398 | D:4      | Got a bloodstained falchion
  2399 | D:4      | Identified the +1 falchion of Peity Vikui {venom, rElec rN+
                  | Str+6} (You found it on level 4 of the Dungeon)
  2499 | D:4      | Reached skill level 5 in Armour
  2508 | D:4      | Gained mutation: Your system is resistant to poisons.
                  | (rPois) [potion of mutation]
  2508 | D:4      | Gained mutation: You have a pair of small antennae on your
                  | head. [potion of mutation]
  2673 | D:4      | Got an encrusted war axe
  2674 | D:4      | Identified the cursed +1 war axe of the Lonely Dreams
                  | {vamp, rElec rC+ Stlth+} (You found it on level 4 of the
                  | Dungeon)
  2713 | D:4      | Noticed Edmund
  2729 | D:4      | Killed Edmund
  2760 | D:4      | Noticed Blork the orc
  2780 | D:4      | Killed Blork the orc
  2793 | D:4      | Found a stormy altar of Qazlal.
  2805 | D:4      | Became a worshipper of Qazlal Stormbringer
  2922 | D:5      | Entered Level 5 of the Dungeon
  2954 | D:5      | Found a staircase to the Ecumenical Temple.
  3299 | D:5      | Found a sacrificial altar of Ru.
  3388 | D:5      | Noticed a +0 hand axe
  3389 | D:5      | Found a hide-covered altar of Uskayaw.
  3389 | D:5      | Noticed a +0 hand axe
  3657 | D:5      | Reached skill level 8 in Axes
  3755 | D:6      | Reached skill level 1 in Long Blades
  3946 | D:6      | Found a runed translucent door.
  3947 | D:6      | Found a runed translucent door.
  3974 | D:6      | Reached skill level 5 in Fighting
  3990 | D:6      | Reached * piety under Qazlal
  3990 | D:6      | Gained mutation: You passively map the area around you.
                  | [Deep Dwarf growth]
  3990 | D:6      | Reached XP level 9. HP: 81/81 MP: 8/8
  4077 | D:6      | Found a bloodstained altar of Trog.
  4111 | D:6      | Got a transparent leather armour
  4122 | D:6      | Identified the +1 leather armour of Circular Logic {Dex+3}
                  | (You found it on level 6 of the Dungeon)
  4921 | D:7      | Reached skill level 9 in Axes
  5133 | D:7      | Found a sparkling altar of Nemelex Xobeh.
  5176 | D:7      | Reached ** piety under Qazlal
  5557 | D:7      | Reached skill level 10 in Axes
  5720 | D:8      | Found a basalt altar of Yredelemnul.
  5742 | D:8      | Learned a level 1 spell: Sandblast
  5797 | D:8      | Noticed an eight-headed hydra
  5808 | D:8      | Reached skill level 1 in Earth Magic
  5809 | D:8      | Reached XP level 10. HP: 45/91 MP: 9/9
  6217 | D:8      | HP: 2/91 [11-headed hydra (4)]
  6219 | D:8      | Slain by an 11-headed hydra

Levels and vault maps discovered:
D:1:      mrwooster_arrival_statue_3, layout_basic
D:2:      layout_rooms, uniq_natasha, uniq_jessica
D:3:      layout_basic, overflow_temple_1_default, overflow_temple_1_default,
          okawaru_ov_weapons_minmay, lightli_sewer_entry_pipes,
          small_statue_intersection, minmay_ruptured
D:4:      layout_cave_pools, first_ration, ebering_ghost_disaster_area,
          nicolae_qazlal_eye_of_the_storm, uniq_sigmund, uniq_edmund,
          uniq_blork_the_orc
D:5:      layout_loops_ring, dancing_weapons_uskayaw,
          nicolae_ru_sacrificial_ziggurat, minmay_temple_entry_antechambers
D:6:      lemuel_insect_pit, layout_loops_corners, bloody_trog
D:7:      layout_loops_ring, lemuel_crystal_altar, the_bakery
D:8:      layout_rooms, lemuel_round_altar, lemuel_blue_sif_altar,
          lightli_temple_of_fire, grunt_decor_arrowhead, chequers_big_river

Skill      XL: |  1  2  3  4  5  6  7  8  9 |
---------------+----------------------------+-----
Fighting       | 3 4 5 6 |  6.0
Dodging        | 1 2 3 4 |  4.7
Axes           | 3 4 5 6 8 10 | 10.1
Armour         | 4 6 |  6.9
Shields        | 4 5 7 |  7.2
Stealth        | 1 2 |  2.2
Long Blades    | 1 |  1.0
Earth Magic    | 1 |  1.0

Action                   |  1- 3 |  4- 6 |  7- 9 | 10-12 || total
-------------------------+-------+-------+-------+-------++-------
Melee: War axe           |   110 |   259 |   344 |    14 ||   727
       Falchion          |       |       |    21 |       ||    21
Invok: Upheaval          |       |       |       |     1 ||     1
 Abil: Heal Wounds       |     1 |     1 |     3 |     4 ||     9
  Use: Scroll            |     4 |     2 |     5 |     2 ||    13
       Potion            |     1 |     1 |     6 |     2 ||    10
  Eat: Chunk             |       |     4 |     3 |     1 ||     8
       Ration            |       |       |     3 |     1 ||     4
Armor: Scale mail        |    52 |   112 |    48 |       ||   212
       Leather armour    |       |       |    26 |    10 ||    36
Dodge: Dodged            |    32 |    98 |   182 |    27 ||   339
Block: Shield            |    47 |   172 |   244 |    32 ||   495
       Rpst.: Falchion   |       |       |     3 |       ||     3

Table legend:
 A = Non-vault XP
 B = Vault XP
 C = Vault XP percentage of total XP
 D = Non-vault monster count
 E = Vault monster count
 F = Vault count percentage of total count
                 A         B        C        D         E       F
            +---------+---------+-------+---------+---------+-------
      Total |    4009 |    1675 |  29.5 |     150 |      83 |  35.6
            +---------+---------+-------+---------+---------+-------
        D:1 |      36 |       0 |   0.0 |      21 |       0 |   0.0
        D:2 |     124 |      70 |  36.1 |      22 |       2 |   8.3
        D:3 |     133 |      53 |  28.5 |      25 |       8 |  24.2
        D:4 |     619 |     479 |  43.6 |      24 |       3 |  11.1
        D:5 |     405 |       0 |   0.0 |       8 |       0 |   0.0
        D:6 |     390 |     494 |  55.9 |      11 |      14 |  56.0
        D:7 |    1689 |     215 |  11.3 |      26 |       1 |   3.7
        D:8 |     613 |       0 |   0.0 |      13 |       0 |   0.0
      Sewer |       0 |     364 | 100.0 |       0 |      55 | 100.0
            +---------+---------+-------+---------+---------+-------
